 Dungeon Crawl Stone Soup version 0.29.1-1-gd02db6906a (webtiles) character file.

Game seed: 14426442897296846837

716 LabCoat the Chopper (level 7, -3/61 HPs)
             Began as a Hill Orc Fighter on Oct 2, 2022.
             Slain by a scorpion (5 damage)
             ... on level 6 of the Dungeon.
             The game lasted 00:17:11 (5219 turns).

LabCoat the Chopper (Hill Orc Fighter)              Turns: 5219, Time: 00:17:12

Health: -3/61      AC:  7    Str: 21      XL:     7   Next: 69%
Magic:  7/7        EV:  6    Int:  8      God:
Gold:   533        SH: 17    Dex:  9 (10) Spells: 6/6 levels left

rFire   . . .      SeeInvis .   a - +1 war axe
rCold   . . .      Faith    .   n - +0 tower shield
rNeg    . . .      Spirit   .   b - +0 scale mail
rPois   .          Reflect  +   (no helmet)
rElec   .          Harm     .   (no cloak)
rCorr   .          Rampage  .   (no gloves)
Will    .....                   (no boots)
Stlth   ..........              q - amulet of reflection
HPRegen 0.20/turn               (no ring)
MPRegen 0.10/turn               (no ring)

@: lethally poisoned (-3 -> -7)
A: no striking features
a: no special abilities


You were on level 6 of the Dungeon.
You visited 1 branch of the dungeon, and saw 6 of its levels.
You also visited: Ossuary.

You collected 533 gold pieces.

Inventory:

Hand Weapons
 a - a +1 war axe (weapon)
 s - a +0 flail
Armour
 b - a +0 scale mail (worn)
 n - a +0 tower shield (worn)
Jewellery
 e - an amulet of the acrobat
 q - an amulet of reflection (around neck)
Scrolls
 k - 5 scrolls of enchant weapon
 o - 3 scrolls of teleportation
 p - 2 scrolls of blinking
 u - a scroll of poison {unknown}
 v - a scroll of amnesia
Potions
 f - a potion of flight
 h - a potion of haste
 i - a potion of magic {unknown}
 j - a potion of lignification
 l - a potion of heal wounds {unknown}
 m - a potion of brilliance {unknown}
 r - a potion of ambrosia {unknown}
 t - a potion of degeneration {unknown}


   Skills:
 + Level 5.1 Fighting
 * Level 6.3 Axes
 + Level 2.3 Throwing
 + Level 4.6 Armour
 + Level 4.8 Shields
 + Level 2.9 Evocations


You had 6 spell levels left.
You didn't know any spells.
Your spell library contained the following spells:

 Spells                   Type           Power      Damage    Failure   Level
 Necrotise                Necr           0%         1d4       100%        1
 Vampiric Draining        Necr           0%         2d6       100%        3
 Agony                    Necr           0%         N/A       100%        5
 Borgnjor's Revivificati  Necr           0%         N/A       100%        8
 Necromutation            Tmut/Necr      0%         N/A       100%        8
 Death's Door             Necr           0%         N/A       100%        9


Dungeon Overview and Level Annotations

Branches:
Dungeon (6/15)            Ossuary (visited)
 Temple: D:4-7

Altars:
Cheibriados
Hepliaklqana
Kikubaaqudgha
Nemelex Xobeh
Sif Muna

Annotations:
D:5 Eustachio


Message History

The necrophage is moderately damaged.
You block the necrophage's attack.
The kobold throws a stone.
You reflect the stone off an invisible shield around you!
The stone hits the necrophage but does no damage.
The necrophage hits you.
* * * LOW HITPOINT WARNING * * *
As you read the scroll of teleportation, it crumbles to dust.
You feel strangely unstable. You block the kobold's attack.
You block the necrophage's attack.
You hit the necrophage.
The necrophage is moderately damaged.
You hit the kobold.
You kill the kobold!
You block the necrophage's attack. You block the scorpion's attack.
The necrophage hits you but does no damage.
You slash the necrophage!
The necrophage is heavily damaged.
You slash the scorpion!
Your surroundings seem slightly different.
You block the scorpion's attack.
You hit the scorpion but do no damage.
The scorpion is heavily wounded.
The scorpion stings you.
* * * LOW HITPOINT WARNING * * *
The scorpion stings you.
* * * LOW HITPOINT WARNING * * *
You are lethally poisoned!
The scorpion poisons you!
Okay, then.
You closely miss the scorpion.
The scorpion is heavily wounded.
You hit the necrophage.
* * * LOW HITPOINT WARNING * * *
You feel very sick. You block the scorpion's attack.
You block the necrophage's attack. The scorpion barely misses you.
It was a potion of cancellation.
You feel magically purged.
* * * LOW HITPOINT WARNING * * *
You feel sick. You block the necrophage's attack. The scorpion stings you.
You die...

..!.. ...# #.. ..##
#.# ...####..###.##
.......<.##...## #
........##.....##.#
........#.......#.#
............_.....#
.##....(#...@...#
#....(##.)sn.##
#.....###)))##
#....(. ##.##
#.....)# ##.....#
#...### #... .....


You could see a necrophage and a scorpion.

Vanquished Creatures
  An ogre (D:4)
  A kobold brigand (D:6)
  2 elf zombies (Ossuary)
  2 jellies (D:5)
  A hound (D:5)
  An orc priest (D:6)
  4 orc wizards (D:4)
  3 mummies
  8 gnolls (D:3)
  4 adders
  A white imp (D:5)
  5 worms
  3 dart slugs
  9 orcs
  6 ball pythons
  7 endoplasms
  2 giant cockroaches
  3 gnoll zombies (Ossuary)
  10 goblins
  3 hobgoblins
  8 jackals
  6 quokkas
  3 bats
  3 frilled lizards
  4 goblin zombies
  4 hobgoblin zombies (Ossuary)
  3 kobolds
  3 orc zombies
  6 rats
116 creatures vanquished.

Vanquished Creatures (others)
  A human (D:4)
  A kobold (D:4)
2 creatures vanquished.

Grand Total: 118 creatures vanquished

Notes
Turn   | Place    | Note
-------+----------+-------------------------------------------
     0 | D:1      | LabCoat the Hill Orc Fighter began the quest for the Orb.
     0 | D:1      | Reached XP level 1. HP: 19/19 MP: 1/1
   259 | D:1      | Reached skill level 3 in Axes
   259 | D:1      | Reached XP level 2. HP: 23/27 MP: 2/2
   515 | D:1      | Found a faded altar of an unknown god.
   924 | D:2      | Reached XP level 3. HP: 27/33 MP: 3/3
  1367 | D:2      | Reached skill level 1 in Evocations
  1941 | D:3      | Reached XP level 4. HP: 36/40 MP: 4/4
  1982 | D:3      | Found a sparkling altar of Nemelex Xobeh.
  1997 | D:3      | Reached skill level 4 in Axes
  2701 | D:3      | Found a shimmering blue altar of Sif Muna.
  2709 | D:3      | Reached skill level 1 in Throwing
  2720 | D:3      | Reached XP level 5. HP: 8/46 MP: 5/5
  3062 | D:3      | Found a hazy altar of Hepliaklqana.
  3254 | D:4      | Found a sand-covered staircase.
  3263 | Ossuary  | Entered an ossuary
  3283 | Ossuary  | HP: 1/47 [elf zombie (3)]
  3285 | Ossuary  | Reached skill level 5 in Axes
  3285 | Ossuary  | Reached XP level 6. HP: 1/53 MP: 6/6
  3822 | D:4      | Found an ancient bone altar of Kikubaaqudgha.
  3822 | D:4      | Noticed a human
  3826 | D:4      | Killed a human
  3846 | D:4      | Found a glowing drain.
  4130 | D:4      | Reached XP level 7. HP: 25/60 MP: 7/7
  4818 | D:5      | Entered Level 5 of the Dungeon
  4829 | D:5      | Reached skill level 5 in Fighting
  4829 | D:5      | Reached skill level 6 in Axes
  5133 | D:5      | Noticed Eustachio
  5194 | D:6      | Found a snail-covered altar of Cheibriados.
  5219 | D:6      | HP: 2/61 [poisoned by a scorpion]
  5219 | D:6      | Slain by a scorpion

Illustrated notes

Levels and vault maps discovered:
D:1:      dpeg_arrival_chambers_temple_mockup, layout_basic,
          shapermc_ecumenical_altar_ellora
D:2:      layout_loops_ring, serial_rivers, chequers_serial_rivers_small_a,
          chequers_serial_rivers_micro_a, chequers_serial_rivers_large_a,
          chequers_serial_rivers_micro_d, chequers_serial_rivers_small_a,
          minmay_3d_cube
D:3:      layout_basic, mainiacjoe_overflow_catch_the_wave,
          nicolae_overflow_crystal_walls
D:4:      wad_crossroads, layout_loops_corners, tgw_kikubaaqudgha,
          nicolae_ossuary_entry_giza, cheibrodos_sewer_entry_drain,
          minmay_misc_feat_alley
D:5:      layout_basic, minmay_temple_entry_offerings, grunt_decor_clamped,
          st_stairs_2, chequers_garden, uniq_eustachio
D:6:      cheibrodos_fzero, layout_cave_pools, mainiacjoe_overflow_alcove_1,
          lemuel_round_altar

Skill      XL: |  1  2  3  4  5  6  7 |
---------------+----------------------+-----
Axes           | 3 4 5 6 |  6.3
Evocations     | 1 2 |  2.9
Fighting       | 4 5 |  5.1
Throwing       | 1 2 |  2.3
Shields        | 4 |  4.8
Armour         | 4 |  4.6

Action                   |  1- 3 |  4- 6 |  7- 9 || total
-------------------------+-------+-------+-------++-------
Melee: War axe           |   128 |   135 |    62 ||   325
Throw: Dart              |       |       |    15 ||    15
  Use: Scroll            |     4 |     4 |     3 ||    11
       Potion            |       |     9 |     2 ||    11
Armor: Scale mail        |    62 |    53 |    33 ||   148
       Skin              |       |     1 |     4 ||     5
Dodge: Dodged            |    57 |    41 |    18 ||   116
Block: Buckler           |    34 |    40 |       ||    74
       Tower shield      |       |    75 |    99 ||   174
       Reflection        |       |     1 |     4 ||     5
